 Dungeon Crawl Stone Soup version 0.25.0-11-g1f837a76a1 (webtiles) character file.

Game seed: 812657689113933502

73 Kold the Insei (level 4, -1/28 HPs)
             Began as an Octopode Transmuter on June 24, 2020.
             Slain by a kobold
             ... wielding a +1 short sword of draining
              (5 damage)
             ... on level 2 of the Dungeon.
             The game lasted 00:02:10 (1334 turns).

Kold the Insei (Octopode Transmuter)                Turns: 1334, Time: 00:02:11

Health: -1/28      AC:  1    Str:  9    XL:     4   Next: 27%
Magic:  7/7        EV: 13    Int: 16    God:
Gold:   40         SH:  0    Dex: 12    Spells: 6/7 levels left

rFire    . . .     SeeInvis .     - Unarmed
rCold    . . .     Gourm    .   (no shield)
rNeg     . . .     Faith    .   (helmet restricted)
rPois    .         Spirit   .   (no amulet)
rElec    .         Reflect  .   (no ring)
rCorr    .         Harm     .   (no ring)
MR       .....                  (no ring)
Stlth    +++.......             (no ring)
HPRegen  0.09/turn              (no ring)
MPRegen  0.10/turn              (no ring)
                                (no ring)
                                (no ring)

@: appendage (expiring), lightly drained
A: almost no armour, stealthy swim, amphibious, 8 rings, constrict 8, tentacle
spike 3, camouflage 1, gelatinous body 1
a: End Transformation


You were on level 2 of the Dungeon.
You were not hungry.
One of your tentacles had a temporary spike.
You visited 1 branch of the dungeon, and saw 2 of its levels.

You collected 40 gold pieces.

Inventory:

Missiles
 a - 50 arrows
 e - a throwing net (quivered)
Armour
 b - a +0 buckler
Scrolls
 d - a scroll of identify {unknown}
 h - a scroll of blinking {unknown}
Potions
 g - 2 potions of mutation {unknown}
 i - 2 potions of heal wounds {unknown}
 j - a potion of stabbing {unknown}
Comestibles
 c - 3 rations
 f - 4 chunks of flesh


   Skills:
 - Level 1.0(0.7) Fighting
 - Level 2.0(1.7) Dodging
 - Level 2.0(1.7) Stealth
 + Level 4.4(4.2) Unarmed Combat
 - Level 2.0(1.7) Spellcasting
 + Level 2.4(2.1) Transmutations


You had 6 spell levels left.
You knew the following spells:

 Your Spells              Type           Power        Failure   Level  Hunger
a - Beastly Appendage     Tmut           #.....       9%          1    ##.....

Your spell library contained the following spells:

 Spells                   Type           Power        Failure   Level  Hunger
 Sticks to Snakes         Tmut           #.......     13%         2    ###....
 Spider Form              Tmut/Pois      #.........   38%         3    ####...
 Ice Form                 Ice/Tmut       #.......     80%         4    #####..
 Blade Hands              Tmut           #.........   94%         5    ######.


Dungeon Overview and Level Annotations

Branches:
Dungeon (2/15)

Altars:


Innate Abilities, Weirdness & Mutations

You cannot wear most types of armour.
You are very stealthy in the water. (Stealth+)
You are amphibious.
You can wear up to eight rings at the same time.
You can use your tentacles to constrict eight enemies at once.
Your skin changes colour to match your surroundings (Stealth+).
Your rubbery body absorbs attacks. (AC +1, EV +1)
One of your tentacles bears a large vicious spike.


Message History

You extend your transformation's duration.
You tentacle-slap the hobgoblin.
You kill the hobgoblin!
You start resting.
Magic restored.
You start resting.
Your transformation is almost over.
You start resting.
The kobold is too close now for your liking.
You tentacle-slap the kobold. Your grab misses the kobold.
The kobold is moderately wounded.
The kobold hits you with a +1 short sword of draining.
* * * LOW HITPOINT WARNING * * *
You feel drained.
* * * LOW HITPOINT WARNING * * *
You closely miss the kobold. Your grab misses the kobold.
Your squeeze misses the kobold.
The kobold is moderately wounded.
The kobold hits you with a +1 short sword of draining.
You die...

(.#..#...##.÷.#..# .
....#..##..#...#
###.##...#....#....#
...#.?...#..#.....#
##+##.#..##..##..##.##
.........##..##..##.#
.......)....#..#....#
.......%..)#K...#...#
###+#.##..#@.##..#..#
.. #.#...##...#.# ##
##.........÷##
############


You could see a kobold.

Vanquished Creatures
  Terence (D:2)
  A gnoll (D:1)
  2 dart slugs (D:1)
  2 leopard geckos (D:1)
  5 goblins (D:1)
  6 hobgoblins
  A quokka (D:2)
  6 bats (D:1)
  2 frilled lizards (D:1)
  A kobold (D:1)
  5 rats
32 creatures vanquished.

Notes
Turn   | Place    | Note
-------+----------+-------------------------------------------
     0 | D:1      | Kold the Octopode Transmuter began the quest for the Orb.
     0 | D:1      | Reached XP level 1. HP: 13/13 MP: 3/3
   343 | D:1      | Reached XP level 2. HP: 18/18 MP: 3/5
   574 | D:1      | Reached XP level 3. HP: 12/23 MP: 4/6
   751 | D:1      | Reached skill level 4 in Unarmed Combat
   803 | D:1      | Reached skill level 1 in Stealth
  1288 | D:2      | Noticed Terence
  1298 | D:2      | Killed Terence
  1298 | D:2      | Reached XP level 4. HP: 19/28 MP: 5/7
  1334 | D:2      | Slain by a kobold

Illustrated notes

Levels and vault maps discovered:
D:1:      lemuel_arrival_river_ford, layout_basic, hangedman_decor_points,
          minmay_misc_feat_diagonals, chequers_serial_rivers_marsh
D:2:      layout_basic, nicolae_qazlal_general_emergency, first_ration,
          minivault_11, minivault_26, minmay_misc_feat_doors, st_stairs_7,
          uniq_terence

Skill      XL: |  1  2  3 |
---------------+----------+-----
Unarmed Combat | 4 |  4.4
Stealth        | 2 |  2.0
Fighting       | |  1.0
Dodging        | |  2.0
Spellcasting   | |  2.0
Transmutations | |  2.4

Action                   |  1- 3 |  4- 6 || total
-------------------------+-------+-------++-------
Melee: Unarmed           |    67 |     8 ||    75
       Tentacles         |    12 |       ||    12
       Constrict         |    21 |     1 ||    22
       Kick              |     7 |       ||     7
 Cast: Beastly Appendage |     6 |     1 ||     7
 Stab: Sleeping          |     8 |       ||     8
  Eat: Chunk             |     1 |       ||     1
Armor: Skin              |     5 |       ||     5
Dodge: Dodged            |    46 |     3 ||    49
